 Dungeon Crawl Stone Soup version 0.31-a0-370-g25055926c8 (webtiles) character file.

Game seed: 16836746979155088868

152 MacCMillion the Ruffian (level 5, -2/45 HPs)
             Began as a Draconian Shapeshifter on July 29, 2023.
             Slain by a gnoll
             ... wielding a +0 spear
              (4 damage)
             ... on level 3 of the Dungeon.
             The game lasted 00:04:36 (1875 turns).

MacCMillion the Ruffian (Draconian Shapeshifter)    Turns: 1875, Time: 00:04:37

Health: -2/45      AC:  5    Str: 19    XL:     5   Next: 11%
Magic:  5/5        EV: 12    Int:  9    God:
Gold:   26         SH:  0    Dex: 11    Spells: 4/4 levels left

rFire   . .          .
                       - Unarmed
rCold   . . .        (no shield)
rNeg    . . .        (body armour unavailable)
rPois   .            (helmet currently unavailable)
rElec   .            (cloak currently unavailable)
rCorr   .            (gloves currently unavailable)
SInv    .            (boots currently unavailable)
Will    .....        (no amulet)
Stlth   +            (no ring)
HPRegen 0.27/turn    (no ring)
MPRegen 0.09/turn

%: no passive effects
@: beast-form
A: beast (slay +2), AC +5, unfitting armour, cold-blooded
a: Begin Untransformation


You were on level 3 of the Dungeon.
You were a hulking beast.
You visited 1 branch of the dungeon, and saw 3 of its levels.

You collected 26 gold pieces.

Inventory:

Talismans
 b - a beast talisman
 l - a maw talisman
Scrolls
 d - a scroll of teleportation {unknown}
 h - 4 scrolls of identify {unknown}
 i - a scroll of enchant armour {unknown}
 m - a scroll of blinking {unknown}
 n - a scroll of vulnerability {unknown}
 o - a scroll of enchant weapon {unknown}
Potions
 a - 2 potions of lignification
 e - a potion of magic {unknown}
 f - a potion of heal wounds {unknown}
 g - a potion of degeneration {unknown}
 j - a potion of curing
 k - a potion of enlightenment {unknown}


   Skills:
 + Level 3.2 Fighting
 - Level 1.8 Dodging
 * Level 5.0 Unarmed Combat
 - Level 3.0 Shapeshifting


You had 4 spell levels left.
You didn't know any spells.
Your spell library contained the following spells:

 Spells                   Type           Power      Damage    Failure   Level
 Wereblood                Tmut           0%         N/A       52%         2
 Irradiate                Conj/Tmut      0%         3d11      100%        5


Dungeon Overview and Level Annotations

Branches:
Dungeon (3/15)

Altars:

Shops:
D:3 *

Annotations:
D:2 Sigmund


Innate Abilities, Weirdness & Mutations

You are a hulking beast.
Your limbs bulge with bestial killing power. (Slay +2)
Your plain brown scales are hard. (AC +5)
You cannot fit into any form of body armour.
You are cold-blooded and may be slowed by cold attacks.


Message History

You punch the gnoll! You punch the gnoll.
The gnoll is almost dead.
The gnoll misses you.
The gnoll hits you from afar with a +0 spear!
* * * LOW HITPOINT WARNING * * *
The gnoll barely misses you. The gnoll attacks as you move away!
The gnoll barely misses you.
You punch the gnoll!
You kill the gnoll!
The gnoll hits you from afar with a +0 spear.
* * * LOW HITPOINT WARNING * * *
Your Unarmed Combat skill increases to level 5!
As you read the scroll labelled ISHREWEO GUSU, it crumbles to dust.
The creatures around you are filled with an inner flame!
It was a scroll of immolation.
The quokka twitches its whiskers.
The gnoll hits you from afar with a +0 spear.
* * * LOW HITPOINT WARNING * * *
Okay, then.
Unknown command.
Unknown command.
You have nothing you can fire or use right now.
Okay, then.
It was a potion of curing.
You feel better.
The gnoll hits you from afar with a +0 spear.
* * * LOW HITPOINT WARNING * * *
Okay, then.
Okay, then.
Found a stone staircase leading up.
The gnoll hits you with a +0 spear.
* * * LOW HITPOINT WARNING * * *
The gnoll hits you from afar with a +0 spear.
* * * LOW HITPOINT WARNING * * *
The gnoll hits you with a +0 spear.
* * * LOW HITPOINT WARNING * * *
Unknown command.
The gnoll hits you but does no damage.
There is a stone staircase leading up here.
The gnoll hits you from afar with a +0 spear.
You die...

......
##########.....##
...... ........ #
#..###......# #.
#..h.......#
#..###$r####...#
#......g.###..## .
#......#.gg....# .#
####.#...###..#.#.#
...##.## #..# .##
#.## #.####..#...##
#. #.#<.........# #
#.#.##g.#....#


You could see a gnoll (inner flame) and a quokka (inner flame).

Vanquished Creatures
  A black bear (D:2)
  A gnoll (D:3)
  An adder (D:2)
  A worm (D:2)
  A dart slug (D:2)
  5 endoplasms
  5 hobgoblins
  6 kobolds
  2 quokkas (D:2)
  3 ball pythons
  4 bats
  5 goblins
  5 rats
40 creatures vanquished.

Notes
Turn   | Place    | Note
-------+----------+-------------------------------------------
     0 | D:1      | MacCMillion the Draconian Shapeshifter began the quest for
                  | the Orb.
     0 | D:1      | Reached XP level 1. HP: 16/16 MP: 1/1
   197 | D:1      | Reached XP level 2. HP: 23/23 MP: 2/2
   983 | D:2      | Reached XP level 3. HP: 20/29 MP: 3/3
  1301 | D:2      | Reached skill level 4 in Unarmed Combat
  1417 | D:2      | Noticed a black bear
  1512 | D:2      | Killed a black bear
  1513 | D:2      | Reached XP level 4. HP: 15/38 MP: 4/4
  1513 | D:2      | Reached XP level 5. HP: 17/45 MP: 5/5
  1834 | D:2      | Noticed Sigmund
  1840 | D:3      | Found Ynen's Assorted Antiques.
  1866 | D:3      | Reached skill level 5 in Unarmed Combat
  1873 | D:3      | HP: 2/45 [gnoll/+0 spear (5)]
  1875 | D:3      | Slain by a gnoll

Illustrated notes

Levels and vault maps discovered:
D:1:      evilmike_arrival_rings, layout_basic
D:2:      layout_loops_ring, minmay_pentomino_z2, uniq_sigmund
D:3:      layout_loops_ring, serial_shops, nicolae_shop_hallway_plus,
          nicolae_shop_stone, shop, shop, chequers_serial_rivers_micro_b,
          uniq_ijyb

Skill      XL: |  1  2  3  4  5 |
---------------+----------------+-----
Fighting       | 2 3 |  3.2
Unarmed Combat | 4 5 |  5.0
Dodging        | |  1.8
Shapeshifting  | |  3.0

Action                     |  1- 3 |  4- 6 || total
---------------------------+-------+-------++-------
  Melee: Unarmed           |    92 |     7 ||    99
         Tailslap          |     8 |       ||     8
         Punch             |     2 |     1 ||     3
    Use: Scroll            |       |     1 ||     1
         Potion            |       |     1 ||     1
   Stab: Sleeping          |     1 |       ||     1
 Armour: Skin              |    29 |     1 ||    30
  Dodge: Dodged            |    52 |     8 ||    60

Table legend: (Time is in decaauts)
 A = Elapsed time spent in this place.
 B = Non-inter-level travel time spent in this place.
 C = Inter-level travel time spent in this place.
 D = Time resting spent in this place.
 E = Time spent auto-exploring this place.
 F = Levels seen in this place.
 G = Mean time per level.
                   A        B        C        D        E       F      G
               +--------+--------+--------+--------+--------+-----+--------+
         Total |   1867 |   1804 |     63 |    414 |   1055 |   3 |  622.3 |
       Dungeon |   1867 |   1804 |     63 |    414 |   1055 |   3 |  622.3 |
               +--------+--------+--------+--------+--------+-----+--------+

Top non-repeatable levels by time:
     D:1: 968 daAuts
     D:2: 865 daAuts
     D:3: 34 daAuts
